Map: Inferno Pools

Players

CBagRun

  • Race: Zerg Zerg
  • Spawn Location: 1:00

HORSES - Winner!

  • Race: Zerg Zerg
  • Spawn Location: 5:00

Ecrotoss

  • Race: Protoss Protoss
  • Spawn Location: 11:00

couchman - Winner!

  • Race: Terran Terran
  • Spawn Location: 7:00

VOD

Have the link to the VOD?

Description

Time

  • Played on: Dec. 14, 2021, 1:51 a.m.
  • Length: 21:27
Show
View Real Time Build Order
Export as new Build Order

CBagRun Zerg 

Build Orders: Pool First 

Get SALT Encoding   

  12  0:03  Drone  
  13  0:22  Drone  
  14  0:37  Spawning Pool  
  14  0:42  Drone  
  14  0:46  Overlord  
  14  1:03  Extractor  
  13  1:06  Extractor  
  12  1:32  Zergling x2  
  13  1:33  Zergling x4  
  13  1:34  Queen  
  17  1:50  Zergling x2  
  18  2:09  Drone x2  
  20  2:38  Drone x2  
  22  2:54  Overlord x2  
  22  2:55  Overlord x2  
  22  3:17  Zergling x4  
  24  3:28  Evolution Chamber  
  23  3:35  Evolution Chamber  
  23  3:36  Evolution Chamber  
  23  3:37  Drone x3  
  24  4:03  Drone x2  
  24  4:04  Drone  
  24  4:06  Zerg Melee Weapons Level 1  
  24  4:07  Zerg Missile Weapons Level 1  
  24  4:09  Zerg Ground Armor Level 1  
  27  4:12  Queen  
  29  4:18  Zergling x2  
  30  4:48  Pneumatized Carapace  
  30  5:10  Spine Crawler  
  29  5:25  Drone, Evolution Chamber  
  29  5:26  Drone  
  29  5:27  Drone  
  29  5:28  Drone  
  32  5:55  Lair  
  32  5:59  Hatchery  
  31  6:08  Zergling x4  
  31  6:09  Zergling x2  
  31  6:10  Zergling x2  
  35  6:57  Spire  
  35  7:09  Infestation Pit  
  35  7:13  Spore Crawler  
  33  7:25  Drone x2  
  33  7:26  Drone x3  
  38  7:30  Zergling x4  
  38  7:31  Zergling x2  
  38  7:35  Drone x2  
  38  7:36  Drone  
  44  8:08  Zerg Melee Weapons Level 2  
  44  8:09  Zerg Missile Weapons Level 2  
  44  8:10  Zerg Ground Armor Level 2  
  44  8:19  Spire  
  43  8:25  Drone x4  
  47  8:33  Hive  
  47  9:06  Drone  
  47  9:07  Drone x4  
  52  9:10  Overlord x2  
  52  9:11  Overlord x3  
  52  9:41  Extractor  
  52  9:44  Drone x2, Extractor  
  52  9:45  Drone  
  53  9:57  Corruptor x4  
  53  9:58  Corruptor x2  
  65  10:05  Zerg Flyer Weapons Level 1  
  65  10:08  Metabolic Boost  
  64  10:46  Zerg Melee Weapons Level 3  
  53  11:13  Corruptor  
  55  11:51  Corruptor  
  55  11:52  Corruptor  
  59  12:41  Lair  
  59  12:44  Overlord  
  59  12:46  Corruptor  
  59  12:47  Corruptor x2  
  57  14:32  Drone  
  57  14:33  Drone x13  
  71  14:43  Zerg Flyer Armor Level 1  
  71  14:55  Ultralisk Cavern  
  62  15:30  Corruptor  
  62  15:31  Corruptor x2  
  62  15:34  Corruptor  
  62  15:35  Corruptor x9  
  88  15:44  Queen  
  90  16:00  Queen  
  92  16:05  Overlord x2  
  92  16:06  Overlord x2  
  92  16:14  Hatchery  
  64  16:49  Overlord x3  
  60  16:57  Overlord x10  
  58  17:02  Overlord  
  58  17:06  Spore Crawler  
  46  17:12  Spore Crawler  
  40  17:33  Corruptor  
Show
View Real Time Build Order
Export as new Build Order

HORSES Zerg - Winner!

Build Orders: Pool First 

Get SALT Encoding   

  12  0:07  Drone  
  12  0:12  Overlord  
  13  0:26  Drone  
  14  0:36  Drone x2  
  16  0:49  Drone  
  17  0:53  Spawning Pool  
  17  0:56  Drone  
  17  1:01  Extractor  
  17  1:04  Drone  
  17  1:19  Drone  
  18  1:26  Evolution Chamber  
  18  1:27  Drone  
  18  1:33  Drone  
  19  1:42  Queen  
  19  1:46  Overlord  
  21  1:59  Zergling x2  
  22  2:17  Queen  
  24  2:30  Zergling x6  
  24  2:35  Metabolic Boost  
  27  2:50  Drone  
  28  2:54  Drone  
  29  3:04  Lair  
  29  3:12  Roach Warren  
  28  3:15  Extractor  
  28  3:16  Drone  
  28  3:17  Drone  
  28  3:18  Drone  
  30  3:21  Overlord x2  
  30  3:40  Zerg Melee Weapons Level 1  
  30  3:41  Overlord x2  
  30  3:57  Roach  
  32  4:07  Infestation Pit  
  31  4:10  Drone  
  31  4:15  Roach x2  
  36  4:26  Drone  
  39  4:31  Roach x2  
  41  4:47  Hatchery  
  41  4:48  Glial Reconstitution  
  40  5:03  Roach x2  
  40  5:04  Roach x2  
  48  5:17  Roach x3  
  54  5:21  Overlord  
  54  5:36  Roach  
  56  5:47  Overlord x3  
  56  5:50  Roach  
  58  6:08  Roach  
  60  6:12  Drone x2  
  62  6:22  Roach x3  
  62  6:23  Roach  
  70  6:30  Spire  
  69  6:37  Evolution Chamber  
  68  6:40  Drone x4  
  68  6:44  Drone x2  
  75  7:08  Drone x3, Extractor  
  75  7:09  Drone x2  
  75  7:14  Zerg Melee Weapons Level 2  
  78  7:18  Zerg Ground Armor Level 1  
  78  7:26  Drone x2  
  78  7:29  Drone  
  81  7:30  Drone x2  
  81  7:33  Overlord  
  83  8:18  Corruptor x3  
  89  8:23  Extractor  
  88  8:28  Zerg Flyer Weapons Level 1  
  88  8:47  Corruptor  
  90  8:58  Hive, Hatchery  
  89  9:20  Overlord x2  
  89  9:21  Overlord  
  89  9:22  Overlord  
  89  9:30  Zerg Ground Armor Level 2  
  89  9:38  Zerg Missile Weapons Level 1  
  89  9:39  Drone  
  89  9:40  Drone x5  
  89  9:42  Drone x2  
  89  9:43  Drone x2  
  99  9:47  Drone  
  99  9:48  Drone x2  
  102  9:53  Drone x2  
  104  10:22  Zerg Flyer Armor Level 1  
  104  10:24  Adrenal Glands  
  108  10:42  Roach  
  108  10:43  Roach x3  
  80  11:42  Roach x5  
  80  11:43  Roach x2  
  80  11:45  Zergling x16  
  80  11:46  Zergling x2  
  85  12:02  Drone x3  
  88  12:16  Zerg Flyer Weapons Level 2  
  88  12:34  Drone  
  88  12:35  Drone x7  
  88  12:36  Drone  
  88  12:37  Drone x4  
  100  12:38  Drone  
  100  12:39  Drone x2  
  100  12:43  Zerg Melee Weapons Level 3  
  104  12:45  Zerg Ground Armor Level 3  
  104  12:58  Nydus Network  
  103  13:10  Ultralisk Cavern  
  102  13:16  Ultralisk Cavern  
  101  13:26  Extractor  
  100  13:29  Extractor  
  100  13:33  Drone  
  100  13:38  Corruptor x2  
  100  13:39  Corruptor  
  106  13:52  Drone x3  
  92  14:31  Zerg Flyer Armor Level 2  
  92  14:37  Hatchery  
  91  14:48  Ultralisk x4  
  115  14:56  Roach  
  115  14:57  Roach x3  
  123  15:19  Zerg Missile Weapons Level 2  
  127  15:28  Ultralisk  
  127  15:44  Spore Crawler  
  127  15:45  Spore Crawler  
  125  15:52  Spine Crawler  
  125  15:53  Roach x2  
  125  15:54  Roach x5  
  125  15:55  Zergling x2  
  125  15:56  Zergling x14  
  126  16:24  Ultralisk x2  
  126  16:51  Nydus Canal  
  37  20:17  Roach x7  
  37  20:18  Roach x6  
  37  20:19  Roach x2  
  67  20:47  Ultralisk x5  
Show
View Real Time Build Order
Export as new Build Order

Ecrotoss Protoss 

Build Orders: Double Forge 

Get SALT Encoding   

  12  0:10  Probe  
  13  0:22  Probe  
  13  0:25  Pylon  
  14  0:31  Assimilator  
  14  0:34  Probe  
  15  0:47  Gateway  
  15  0:57  Probe  
  15  1:01  Assimilator  
  16  1:09  Probe  
  17  1:21  Probe  
  17  1:23  Pylon  
  18  1:26  Pylon  
  18  1:38  Cybernetics Core  
  18  1:44  Forge  
  18  1:50  Forge  
  18  1:55  Probe  
  19  2:07  Probe  
  20  2:12  Stalker (Chrono Boost)  
  22  2:42  Nexus  
  22  3:00  Pylon  
  22  3:03  Stalker  
  22  3:04  Pylon  
  24  3:05  Warp Gate (Chrono Boost)  
  24  3:07  Probe  
  25  3:20  Gateway  
  25  3:21  Protoss Ground Weapons Level 1 (Chrono Boost)  
  25  3:29  Protoss Ground Armor Level 1 (Chrono Boost)  
  25  3:57  Photon Cannon  
  25  4:03  Photon Cannon  
  25  4:07  Photon Cannon  
  25  4:11  Photon Cannon  
  25  4:15  Probe  
  26  4:27  Probe  
  27  4:40  Probe  
  27  4:41  Stalker  
  27  4:42  Stalker  
  32  4:57  Pylon  
  32  5:12  Zealot x2  
  36  5:14  Assimilator  
  36  5:18  Assimilator  
  36  5:25  Robotics Facility  
  36  5:35  Photon Cannon  
  36  5:51  Pylon  
  36  5:54  Pylon  
  36  5:57  Pylon  
  36  6:01  Pylon  
  36  6:05  Pylon  
  36  6:14  Twilight Council  
  36  6:26  Gateway x2  
  36  6:27  Gateway  
  36  6:28  Gateway  
  36  6:34  Gateway  
  36  6:40  Probe  
  37  6:48  Protoss Ground Armor Level 2 (Chrono Boost)  
  37  6:52  Probe  
  38  7:04  Probe  
  39  7:09  Protoss Ground Weapons Level 2 (Chrono Boost)  
  39  7:16  Probe  
  40  7:28  Probe  
  40  7:29  Photon Cannon  
  41  7:32  Photon Cannon  
  41  7:33  Photon Cannon  
  40  7:40  Probe  
  41  7:52  Probe  
  42  8:01  Observer  
  42  8:04  Probe  
  44  8:21  Warp Prism (Chrono Boost)  
  46  8:27  Robotics Bay  
  46  8:30  Probe  
  47  8:42  Probe  
  47  8:46  Zealot x2  
  47  8:47  Zealot x4  
  47  8:48  Zealot  
  62  8:50  Charge (Chrono Boost)  
  62  8:52  Observer (Chrono Boost)  
  62  8:54  Probe  
  64  9:06  Dark Shrine  
  64  9:09  Photon Cannon  
  64  9:15  Pylon  
  64  9:21  Probe  
  65  9:33  Probe  
  66  10:01  Immortal  
  66  10:05  Zealot x6  
  66  10:06  Zealot, Protoss Ground Weapons Level 3 (Chrono Boost)  
  84  10:07  Protoss Ground Armor Level 3 (Chrono Boost)  
  84  10:23  Shadow Stride  
  84  10:44  Zealot x4  
  84  10:45  Zealot x3  
  52  12:18  Zealot x6  
  52  12:19  Stalker  
  66  12:31  Nexus  
  66  12:35  Assimilator  
  66  12:44  Stalker x2  
  66  12:45  Stalker  
  66  12:46  Zealot x3  
  66  12:49  Dark Templar  
  80  13:12  Dark Templar x2  
  82  13:13  Dark Templar x2  
  82  13:14  Dark Templar  
  82  13:15  Dark Templar  
  92  13:57  Zealot x6  
  78  15:20  Stalker x4  
  78  15:21  Stalker x2  
  70  17:26  Stalker x6  
  70  17:27  Stalker  
  84  17:31  Probe  
  85  17:44  Probe  
  86  17:56  Probe  
  87  18:08  Probe  
  69  18:20  Probe  
  70  18:29  Dark Templar x6  
  70  18:30  Dark Templar  
  50  19:02  Stalker x2  
  52  19:03  Stalker x3  
  52  19:04  Stalker x2  
  47  19:39  Dark Templar x2  
Show
View Real Time Build Order
Export as new Build Order

couchman Terran - Winner!

Build Orders:  

Get SALT Encoding   

  12  0:01  SCV  
  13  0:13  SCV  
  14  0:21  Supply Depot  
  14  0:25  SCV  
  15  0:42  SCV  
  16  0:46  Barracks  
  16  0:54  SCV  
  16  0:55  Supply Depot  
  17  1:07  SCV  
  18  1:17  Supply Depot  
  18  1:19  SCV  
  18  1:23  Refinery  
  19  1:31  SCV  
  20  1:40  Refinery  
  20  1:43  SCV  
  21  1:57  Supply Depot  
  21  2:04  Marine  
  22  2:12  SCV  
  23  2:21  Supply Depot  
  23  2:22  Marine  
  24  2:24  SCV  
  25  2:37  SCV  
  26  2:40  Marine  
  27  2:44  Supply Depot  
  27  2:50  Factory  
  27  2:52  SCV  
  28  3:00  Engineering Bay  
  28  3:09  Command Center  
  28  3:38  Marine  
  29  3:45  Starport  
  29  3:53  Bunker  
  29  3:56  Marine  
  30  4:08  SCV  
  31  4:13  Marine  
  32  4:20  SCV  
  33  4:25  Bunker  
  33  4:32  SCV  
  34  4:41  Widow Mine  
  34  4:44  Starport Tech Lab  
  34  4:45  SCV  
  37  4:48  Fusion Core  
  37  4:56  Supply Depot  
  37  4:57  SCV  
  38  5:02  Marine  
  38  5:03  Widow Mine  
  41  5:09  SCV  
  42  5:20  Refinery  
  42  5:21  SCV  
  43  5:22  Supply Depot, SCV, Refinery  
  44  5:30  Marine  
  44  5:33  SCV  
  44  5:34  SCV  
  47  5:45  SCV  
  47  5:46  Supply Depot, SCV  
  49  5:50  Weapon Refit  
  49  5:58  SCV  
  49  6:01  Orbital Command  
  50  6:08  Supply Depot  
  50  6:10  SCV  
  50  6:11  Battlecruiser  
  57  6:22  SCV  
  58  6:34  SCV  
  59  6:46  SCV  
  60  6:54  Supply Depot  
  60  6:57  Factory Reactor  
  60  6:58  SCV  
  61  7:05  Starport  
  61  7:15  Battlecruiser  
  67  7:16  Supply Depot  
  67  7:40  Supply Depot  
  67  7:42  Armory  
  67  7:58  Command Center  
  67  8:02  Supply Depot  
  67  8:12  Starport Tech Lab  
  67  8:16  Terran Infantry Armor Level 1  
  67  8:36  Supply Depot  
  67  8:42  SCV  
  67  8:44  SCV  
  69  8:54  SCV  
  70  8:56  SCV  
  70  8:58  Supply Depot  
  71  9:06  SCV  
  71  9:07  Battlecruiser  
  71  9:08  SCV  
  85  9:10  Battlecruiser  
  85  9:18  SCV  
  85  9:20  SCV  
  85  9:23  Command Center  
  87  9:29  Supply Depot  
  87  9:30  SCV  
  88  9:32  SCV  
  89  9:50  Marine  
  90  9:52  Supply Depot  
  90  10:05  Starport  
  90  10:07  Terran Ship Weapons Level 1  
  90  10:08  Marine  
  90  10:10  Terran Infantry Weapons Level 1  
  90  10:11  Battlecruiser  
  90  10:14  Battlecruiser  
  103  10:15  Supply Depot  
  103  10:25  Marine  
  104  10:36  Command Center  
  104  10:38  Supply Depot  
  104  10:43  Marine  
  104  10:46  Armory  
  99  11:01  Marine, Supply Depot  
  90  12:45  Refinery  
  90  12:49  Refinery  
  90  12:55  SCV  
  91  13:00  Terran Vehicle And Ship Armor Level 1  
  91  13:01  Terran Ship Weapons Level 2  
  91  13:07  SCV  
  91  13:08  Fusion Core  
  91  13:09  Marine  
  93  13:12  Starport Tech Lab  
  93  13:14  Battlecruiser  
  93  13:15  Battlecruiser  
  105  13:27  Marine  
  106  13:45  Marine, Widow Mine x2  
  111  14:03  Marine  
  111  14:06  Widow Mine x2  
  116  14:18  Battlecruiser  
  116  14:19  Battlecruiser  
  116  14:20  Marine  
  123  14:38  Marine  
  115  14:50  Missile Turret  
  115  14:56  Marine  
  98  15:14  Marine  
  99  15:32  Marine  
  96  15:40  Missile Turret  
  93  15:45  Supply Depot  
  93  15:47  Command Center  
  93  15:49  Marine  
  93  15:50  Battlecruiser  
  93  15:51  Battlecruiser  
  106  16:07  Marine  
  107  16:24  Battlecruiser  
  107  16:25  Marine  
  90  16:54  Battlecruiser  
  90  16:55  Battlecruiser  
  102  17:29  Battlecruiser  
  108  18:03  Marine  
  109  18:21  Marine  
  110  18:28  Command Center  
  98  19:39  Marine  
  99  19:57  Marine  
  94  20:14  Marine  
Tags
 
Add a new tag
Caveats
  • Supply blocks, unpowered buildings, or Contaminate may cause inaccurate times.
  • Supply counts are checked every 10 seconds.